 Dungeon Crawl Stone Soup version 0.13-a0-3008-g2a6619c (webtiles) character file.

5238 PolkaDot the Conjurer (level 10, -1/61 HPs)
             Began as a Vampire Wizard on Sept 9, 2013.
             Was a Believer of Vehumet.
             Slain by an ogre
             ... wielding a +0,+0 giant spiked club
              (10 damage)
             ... on Level 10 of the Dungeon.
             The game lasted 01:14:03 (9079 turns).

PolkaDot the Conjurer (Vampire Wizard)              Turns: 9079, Time: 01:14:03

HP  -1/61        AC  7     Str  6      XL: 10   Next: 23%
MP  14/22        EV 12     Int 23      God: Vehumet [**....]
Gold 486         SH  0     Dex 13 (14) Spells:  5 memorised,  7 levels left

Res.Fire  : + + .   See Invis. : +   t - +1,+3 dwarf short sword (venom)
Res.Cold  : . . .   Warding    : .   D - +2 robe {MR+}
Life Prot.: . . .   Conserve   : .   (no shield)
Res.Poison: .       Res.Corr.  : .   b - +0 wizard hat
Res.Elec. : .       Clarity    : +   j - +0 elf cloak
Sust.Abil.: . .     Spirit.Shd : .   (no gloves)
Res.Mut.  : .       Stasis     : .   h - +1 pair of boots
Res.Rott. : .       Flight     : .   f - amulet of clarity {unknown}
Saprovore : . . .                    g - +2 ring of dexterity
                                     B - +2 ring of intelligence

@: regenerating quickly, very slightly contaminated, hasted, very quick, quite
resistant to hostile enchantments, stealthy
A: bottle blood, fangs 3, talons 1, see invisible, clarity, fire resistance 2,
screaming 1, unbreathing, evolution 1, Int -2
a: Bottle Blood, Renounce Religion


You were on level 10 of the Dungeon.
You worshipped Vehumet.
Vehumet was most pleased with you.
You were very full.

You visited 2 branches of the dungeon, and saw 11 of its levels.

You collected 466 gold pieces.

Inventory:

Hand weapons
 r - a +2,+1 dagger of pain (quivered)
 t - a +1,+3 dwarven short sword of venom (weapon)
Armour
 b - a +0 wizard hat (worn)
 h - a +1 pair of boots (worn)
 j - a +0 elven cloak (worn)
 D - a +2 robe of magic resistance (worn)
Magical devices
 z - a wand of enslavement (12)
 C - a wand of disintegration (8) {unknown}
 G - a wand of teleportation (5)
Scrolls
 i - 2 scrolls of remove curse
 k - a scroll of enchant weapon II
 l - a scroll of random uselessness
 q - a scroll of enchant armour {unknown}
 x - 2 scrolls of fog
 A - a scroll of fear {unknown}
Jewellery
 a - a +1 ring of strength
 d - an uncursed ring of teleportation
 f - an amulet of clarity (around neck) {unknown}
 g - a +2 ring of dexterity (right hand)
 n - a +1 ring of strength
 o - an uncursed amulet of conservation
 u - an uncursed ring of protection from magic
 y - an uncursed ring of ice
 B - a +2 ring of intelligence (left hand)
 E - an uncursed ring of hunger
Potions
 e - a potion of resistance
 m - 5 potions of brilliance
 s - 8 potions of blood
 v - a potion of cure mutation
 F - a potion of flight
Books
 c - a book of Minor Magic

   Spells                             Type                      Level
   *Magic Dart                        Conjuration                  1
   Blink                              Translocation                2
   Call Imp                           Summoning                    2
   Repel Missiles                     Charms/Air                   2
   Slow                               Hexes                        2
   *Conjure Flame                     Conjuration/Fire             3
   *Mephitic Cloud                    Conjuration/Poison/Air       3


   Skills:
 - Level 2.1 Dodging
 - Level 3.0 Stealth
 + Level 4.4 Spellcasting
 - Level 8.1 Conjurations
   Level 1.0 Summonings
   Level 0.7 Translocations
 * Level 5.0 Ice Magic
 * Level 6.1 Air Magic
 - Level 5.8 Evocations


You had 7 spell levels left.
You knew the following spells:

 Your Spells              Type           Power        Failure   Level  Hunger
a - Magic Dart            Conj           ####         1%          1    None
d - Mephitic Cloud        Conj/Pois/Air  ####....     6%          3    ##.....
q - Freeze                Ice            ####         1%          1    None
s - Conjure Flame         Conj/Fire      ###.....     8%          3    ##.....
w - Throw Frost           Conj/Ice       #####.       1%          2    None


Dungeon Overview and Level Annotations

Branches:
Dungeon (10/27)            Temple (1/1) D:7             Orc (0/4) D:6
   Lair: D:8-13

Altars:
Cheibriados
Elyvilon
Fedhas
Nemelex Xobeh
Okawaru
Sif Muna
Vehumet
Xom
Yredelemnul
Zin
the Shining One


Innate Abilities, Weirdness & Mutations

Your natural rate of healing is unusually fast.
You can bottle blood from corpses.
You have razor-sharp teeth.*
You have supernaturally acute eyesight.
You can survive without breathing.*
You have sharp toenails.*
You possess an exceptional clarity of mind.+ You are dopey. (Int -2)
Your flesh is very heat resistant.*+ You occasionally shout uncontrollably.+ You evolve.+


Message History

Aiming: Freeze
Press: ? - help, Shift-Dir - straight line, f/p - ogre
Aim: an ogre, wielding a giant spiked club (severely wounded, poisoned)
You freeze the ogre.
The ogre is severely wounded.
The manticore flicks its tail!
The volley of spikes misses you.
The ogre hits you with a giant spiked club!
Casting: Freeze
Confirm with . or Enter, or press ? or * to list all spells.
Aiming: Freeze
Press: ? - help, Shift-Dir - straight line, f/p - ogre
Aim: an ogre, wielding a giant spiked club (severely wounded, poisoned)
You freeze the ogre.
The ogre is severely wounded.
The manticore flicks its tail!
The volley of spikes hits you!
* * * LOW HITPOINT WARNING * * *
Drink which item? (? for menu, Esc to quit)
You feel yourself speed up.
The ogre looks more healthy.
The ogre hits you with a giant spiked club!
You die...

. ... .# ...##.#
#.H#.....#
.....#..#
#....#..#
#....#..#
#...O...# #..@...#
..###......#
........%...#
##.....%#..#
#.........#
#......##.#
#.........#### .
#.##.#.......#
...##.#..#.....###


You could see a manticore and an ogre.

Vanquished Creatures
  Pikel (D:9)
  A hippogriff (D:8)
  2 yaks (D:9)
  2 manticores (D:9)
  A necrophage (D:7)
  2 sky beasts
  2 orc warriors
  2 slaves (D:9)
  4 phantoms
  A black bear (D:6)
  2 ice beasts
  3 centaurs
  4 ogres
  Sigmund (D:2)
  A gnoll sergeant (D:9)
  3 giant frogs
  A hippogriff zombie (D:8)
  A troll skeleton (D:9)
  4 crimson imps (D:6)
  A black bear zombie (D:8)
  2 goliath beetles (D:9)
  6 hounds
  A centaur skeleton (D:9)
  A quasit (D:8)
  7 orc priests
  5 iguanas
  4 scorpions
  5 orc wizards
  7 worker ants
  A killer bee zombie (D:9)
  Ijyb (D:3)
  A worker ant zombie (D:6)
  9 gnolls
  10 adders
  A worm zombie (D:5)
  4 worms
  A scorpion zombie (D:9)
  A giant centipede zombie (D:8)
  A giant eyeball (D:4)
  9 giant geckos
  2 oozes
  20 orcs
  14 goblins
  19 hobgoblins
  6 jackals
  16 kobolds
  5 quokkas
  A ball python (D:4)
  14 bats
  7 giant newts
  A giant spore (D:8)
  2 hobgoblin skeletons (D:7)
  16 rats
239 creatures vanquished.

Vanquished Creatures (others)
  A yak (D:9)
  2 slaves (D:9)
  An orc priest (D:9)
  A scorpion (D:9)
  An orc wizard (D:7)
6 creatures vanquished.

Grand Total: 245 creatures vanquished

Notes
Turn   | Place    | Note
--------------------------------------------------------------
     0 | D:1      | PolkaDot, the Vampire Wizard, began the quest for the Orb.
     0 | D:1      | Reached XP level 1. HP: 11/11 MP: 6/6
    73 | D:1      | Reached skill level 1 in Conjurations
   359 | D:1      | Reached XP level 2. HP: 15/17 MP: 2/8
   576 | D:1      | Reached XP level 3. HP: 22/22 MP: 3/10
  1239 | D:2      | Learned a level 3 spell: Conjure Flame
  1243 | D:2      | Learned a level 3 spell: Mephitic Cloud
  1403 | D:2      | Noticed Sigmund
  1420 | D:2      | Killed Sigmund
  1420 | D:2      | Reached XP level 4. HP: 19/28 MP: 9/12
  1420 | D:2      | Reached XP level 5. HP: 22/33 MP: 9/13
  1489 | D:2      | Found a glowing golden altar of the Shining One.
  1628 | D:2      | Found a shimmering altar of Xom.
  2017 | D:3      | Reached skill level 4 in Conjurations
  2320 | D:3      | Noticed Ijyb
  2353 | D:3      | HP: 1/33 [Ijyb/club (2)]
  2356 | D:3      | Killed Ijyb
  2662 | D:3      | Found a snail-covered altar of Cheibriados.
  2668 | D:3      | Found an iron altar of Okawaru.
  2694 | D:3      | Reached XP level 6. HP: 36/39 MP: 15/15
  3060 | D:4      | Reached skill level 5 in Conjurations
  3718 | D:5      | Entered Level 5 of the Dungeon
  3818 | D:5      | Reached skill level 1 in Evocations
  3890 | D:5      | Reached XP level 7. HP: 44/44 MP: 14/17
  3929 | D:5      | Found a white marble altar of Elyvilon.
  4435 | D:6      | Reached skill level 6 in Conjurations
  4719 | D:6      | Reached XP level 8. HP: 47/50 MP: 1/18
  5023 | D:6      | Reached skill level 7 in Conjurations
  5150 | D:6      | Found a staircase to the Orcish Mines.
  5441 | D:7      | Found a staircase to the Ecumenical Temple.
  5633 | D:7      | Reached skill level 5 in Evocations
  5964 | Temple   | Entered the Ecumenical Temple
  5981 | Temple   | Became a worshipper of Vehumet
  6113 | D:7      | Reached skill level 1 in Air Magic
  6113 | D:7      | Reached XP level 9. HP: 44/55 MP: 20/20
  6427 | D:8      | Reached skill level 8 in Conjurations
  6547 | D:8      | Gained mutation: You evolve. [potion of mutation]
  6547 | D:8      | Gained mutation: You occasionally shout uncontrollably. [potion of mutation]
  6547 | D:8      | Gained mutation: You are dopey. (Int -2) [potion of mutation]
  6548 | D:8      | Gained mutation: You have sharp toenails. [potion of mutation]
  6548 | D:8      | Gained mutation: Your flesh is heat resistant. [potion of mutation]
  6548 | D:8      | Gained mutation: You possess an exceptional clarity of mind. [potion of mutation]
  6641 | D:8      | Acquired Vehumet's first power
  6641 | D:8      | Offered knowledge of Freeze by Vehumet.
  6829 | D:8      | Learned a level 1 spell: Freeze
  7096 | D:8      | Reached skill level 1 in Ice Magic
  7553 | D:9      | Noticed Pikel
  8064 | D:9      | Killed Pikel
  8064 | D:9      | Reached skill level 5 in Air Magic
  8095 | D:9      | Reached XP level 10. HP: 16/61 MP: 5/22
  8200 | D:9      | Offered knowledge of Throw Frost by Vehumet.
  8397 | D:9      | Learned a level 2 spell: Throw Frost
  8892 | D:9      | Reached skill level 5 in Ice Magic
  8992 | D:9      | Gained mutation: Your flesh is very heat resistant. [evolution]
  9046 | D:10     | Entered Level 10 of the Dungeon
  9079 | D:10     | Slain by an ogre

Action                   |  1- 3 |  4- 6 |  7- 9 | 10-12 || total
-------------------------+-------+-------+-------+-------++-------
Melee: Unarmed           |    12 |       |       |       ||    12
       Dagger            |    11 |       |       |       ||    11
       Short sword       |    23 |   234 |   310 |    80 ||   647
 Cast: Magic Dart        |    83 |    18 |   162 |     6 ||   269
       Conjure Flame     |     1 |     3 |    25 |     6 ||    35
       Mephitic Cloud    |     1 |     1 |    32 |    15 ||    49
       Throw Frost       |       |       |       |     6 ||     6
       Freeze            |       |       |       |     4 ||     4
 Abil: Bottle Blood      |       |     5 |    32 |    12 ||    49
Evoke: Wand              |       |       |     3 |       ||     3
  Use: Potion            |       |     3 |    42 |    10 ||    55
       Scroll            |       |     5 |    20 |     1 ||    26
 Stab: Sleeping          |     5 |     7 |     7 |       ||    19
       Confused          |     1 |     1 |    12 |     7 ||    21
       Distracted        |       |       |       |     1 ||     1
